 Dungeon Crawl Stone Soup version 0.27-a0-46-g34d46f0a3f (webtiles) character file.

Game seed: 2001542796185251186

975 Borgoz the Shield-Bearer (level 8, 0/68 HPs)
             Began as a Ghoul Fighter on Jan 6, 2021.
             Was a Follower of Okawaru.
             Killed from afar by an orc wizard (2 damage)
             ... with a puff of frost
             ... on level 5 of the Dungeon.
             The game lasted 00:05:10 (4093 turns).

Borgoz the Shield-Bearer (Ghoul Fighter)            Turns: 4093, Time: 00:05:10

Health: 0/68       AC:  8    Str: 20    XL:     8   Next: 16%
Magic:  8/8        EV:  7    Int:  9    God:    Okawaru [*.....]
Gold:   278        SH: 10    Dex: 10    Spells: 7/7 levels left

rFire    + . .     SeeInvis .     - Unarmed
rCold    + . .     Faith    +   b - +0 kite shield
rNeg     + + +     Spirit   .   c - +1 scale mail {rF+}
rPois    ∞         Reflect  .   (no helmet)
rElec    .         Harm     .   (no cloak)
rCorr    .         Rampage  .   (no gloves)
Will     .....                  (no boots)
Stlth    ..........             o - amulet of faith
HPRegen  0.00/turn              j - +6 ring of intelligence
MPRegen  0.11/turn              (no ring)

@: no status effects
A: claws 1, cold resistance 1, negative energy resistance 3, inhibited
regeneration, torment resistance, unbreathing
a: Renounce Religion, Heroism


You were on level 5 of the Dungeon.
You worshipped Okawaru.
Okawaru was aware of your devotion.
You visited 1 branch of the dungeon, and saw 5 of its levels.

You collected 278 gold pieces.

Inventory:

Armour
 b - a +0 kite shield (worn)
 c - a +1 scale mail of fire resistance (worn)
Jewellery
 j - a +6 ring of intelligence (left claw)
 o - an amulet of faith (around neck)
Scrolls
 d - 4 scrolls of remove curse
 f - 3 scrolls of enchant weapon
 g - a scroll of teleportation
 l - a scroll of magic mapping
Potions
 a - a potion of heal wounds
 e - a potion of brilliance
 h - a potion of flight
 i - 2 potions of haste
 m - 2 potions of magic
 p - a potion of ambrosia


   Skills:
 + Level 5.1 Fighting
 * Level 5.3 Armour
 * Level 5.4 Shields
 + Level 4.4 Unarmed Combat
 + Level 2.1 Invocations


You had 7 spell levels left.
You didn't know any spells.
Your spell library contained the following spells:

 Spells                   Type           Power        Failure   Level
 Magic Dart               Conj           0%           98%         1
 Searing Ray              Conj           0%           99%         2
 Dazzling Flash           Conj/Hex       0%           100%        3
 Fulminant Prism          Conj/Hex       0%           100%        4
 Iskenderun's Mystic Bla  Conj/Tloc      0%           100%        4


Dungeon Overview and Level Annotations

Branches:
Dungeon (5/15)
 Temple: D:4-7

Altars:
Elyvilon
Okawaru
Sif Muna


Innate Abilities, Weirdness & Mutations

You thrive by killing the living.
You are immune to poison.
You have sharp fingernails.
Your flesh is cold resistant. (rC+)
You are immune to negative energy. (rN+++)
You do not regenerate when monsters are visible.
You are immune to unholy pain and torment.
You can survive without breathing.


Message History

You closely miss something.
You hear some strange, mumbled words.
A magic dart appears from out of thin air!
The magic dart hits you.
* * * LOW HITPOINT WARNING * * *
You closely miss something. Something hits you.
* * * LOW HITPOINT WARNING * * *
You hear some strange, mumbled words.
A puff of frost appears from out of thin air!
The puff of frost hits you. You resist.
* * * LOW HITPOINT WARNING * * *
You miss something.
You hear some strange, mumbled words.
A magic dart appears from out of thin air!
The magic dart hits you.
* * * LOW HITPOINT WARNING * * *
You hear some strange, mumbled words.
A puff of frost appears from out of thin air!
The puff of frost hits you. You resist.
You die...

..........# ....##
........#.# ......
..........# #....#
......##... .....#
.......# ..##
##.....# .......# ..#
#....# .......#
.####.)#.#
.......####..##))# .#
.............##{@##.#
......##....####..#.#
.....###....####..).#
###### #...##..##...#
##..##..##.).#
#.##....##..#
#.##†...##..#
#.#......#..#
#.#..##..#..#


There were no monsters in sight!

Vanquished Creatures
  Sigmund (D:5)
  2 ogres (D:4)
  A hound (D:5)
  4 orc priests
  6 orc wizards
  4 worker ants
  3 gnolls (D:2)
  8 adders
  A white imp (D:5)
  2 oozes
  An adder skeleton (D:4)
  A worm (D:2)
  8 leopard geckos
  24 orcs
  4 giant cockroaches
  7 hobgoblins
  8 jackals
  3 quokkas
  12 bats
  4 frilled lizards
  9 goblins
  6 kobolds
  A leopard gecko skeleton (D:4)
  9 rats
129 creatures vanquished.

Notes
Turn   | Place    | Note
-------+----------+-------------------------------------------
     0 | D:1      | Borgoz the Ghoul Fighter began the quest for the Orb.
     0 | D:1      | Reached XP level 1. HP: 19/19 MP: 0/0
    49 | D:1      | Reached XP level 2. HP: 26/26 MP: 1/1
   280 | D:1      | Reached XP level 3. HP: 31/31 MP: 2/2
   683 | D:2      | Reached XP level 4. HP: 27/40 MP: 3/3
  1436 | D:2      | Reached XP level 5. HP: 32/46 MP: 4/4
  2195 | D:2      | Reached XP level 6. HP: 24/52 MP: 5/5
  2540 | D:3      | HP: 2/53 [orc/+0 dagger (2)]
  3041 | D:3      | Found a shimmering blue altar of Sif Muna.
  3041 | D:3      | Found a white marble altar of Elyvilon.
  3046 | D:3      | Found a faded altar of an unknown god.
  3048 | D:3      | Found an iron altar of Okawaru.
  3049 | D:3      | Found a faded altar of an unknown god.
  3056 | D:3      | Became a worshipper of Warmaster Okawaru
  3244 | D:4      | Reached XP level 7. HP: 60/60 MP: 6/6
  3475 | D:4      | Reached skill level 1 in Invocations
  3667 | D:4      | Reached skill level 5 in Shields
  3911 | D:5      | Entered Level 5 of the Dungeon
  4007 | D:5      | Reached skill level 5 in Armour
  4013 | D:5      | Noticed Sigmund
  4036 | D:5      | Killed Sigmund
  4036 | D:5      | Reached * piety under Okawaru
  4037 | D:5      | Reached skill level 5 in Fighting
  4037 | D:5      | Reached XP level 8. HP: 58/68 MP: 8/8
  4093 | D:5      | HP: 2/68 [something/magic dart (3)]
  4093 | D:5      | Killed from afar by an orc wizard

Illustrated notes

Levels and vault maps discovered:
D:1:      lightli_arrival_statuegarden, layout_rooms
D:2:      layout_loops_corners
D:3:      layout_rooms, chequers_temple_overflow_minitemple,
          kennysheep_generic_room_5
D:4:      layout_loops_ring
D:5:      layout_rooms, overflow_temple_1_default,
          hangedman_abyss_or_decor_stabs, minmay_misc_feat_x, uniq_sigmund

Skill      XL: |  1  2  3  4  5  6  7 |
---------------+----------------------+-----
Armour         | 3 4 5 |  5.3
Shields        | 3 4 5 |  5.4
Unarmed Combat | 3 4 |  4.4
Fighting       | 4 5 |  5.1
Invocations    | 2 |  2.1

Action                   |  1- 3 |  4- 6 |  7- 9 || total
-------------------------+-------+-------+-------++-------
Melee: Unarmed           |    87 |   288 |   166 ||   541
  Use: Potion            |       |     3 |     4 ||     7
       Scroll            |       |       |     9 ||     9
Armor: Scale mail        |    28 |   136 |    82 ||   246
Dodge: Dodged            |    23 |    90 |    44 ||   157
Block: Kite shield       |    44 |   166 |    96 ||   306

Table legend: (Time is in decaauts)
 A = Elapsed time spent in this place.
 B = Non-inter-level travel time spent in this place.
 C = Inter-level travel time spent in this place.
 D = Time resting spent in this place.
 E = Time spent auto-exploring this place.
 F = Levels seen in this place.
 G = Mean time per level.
                   A        B        C        D        E       F      G
               +--------+--------+--------+--------+--------+-----+--------+
         Total |   4092 |   3958 |    134 |    705 |   2357 |   5 |  818.4 |
       Dungeon |   4092 |   3958 |    134 |    705 |   2357 |   5 |  818.4 |
               +--------+--------+--------+--------+--------+-----+--------+

Top non-repeatable levels by time:
     D:2: 1731 daAuts
     D:4: 805 daAuts
     D:3: 758 daAuts
     D:1: 635 daAuts
     D:5: 162 daAuts
